 Dungeon Crawl Stone Soup version 0.28-a0-730-g892d06dc2c (webtiles) character file.

Game seed: 13531217620402681721

12 kibble the Skirmisher (level 2, 0/19 HPs)
             Began as a Kobold Fighter on Oct 28, 2021.
             Succumbed to an adder's poison
             ... on level 2 of the Dungeon.
             The game lasted 00:00:51 (113 turns).

kibble the Skirmisher (Kobold Fighter)               Turns: 113, Time: 00:00:51

Health: 0/19       AC:  6    Str: 13    XL:     2   Next: 45%
Magic:  2/2        EV: 10    Int:  9    God:
Gold:   13         SH:  5    Dex: 14    Spells: 1/1 levels left

rFire   . . .      SeeInvis .   a - +0 rapier
rCold   . . .      Faith    .   c - +0 buckler
rNeg    . . .      Spirit   .   b - +0 scale mail
rPois   .          Reflect  .   (no helmet)
rElec   .          Harm     .   (no cloak)
rCorr   .          Rampage  .   (no gloves)
Will    .....                   (no boots)
Stlth   +.........              (no amulet)
HPRegen 0.06/turn               (no ring)
MPRegen 0.08/turn               (no ring)

@: lethally poisoned (0 -> -1)
A: small, no large weapons, nightstalker 3
a: no special abilities


You were on level 2 of the Dungeon.
You visited 1 branch of the dungeon, and saw 2 of its levels.

You collected 13 gold pieces.

Inventory:

Hand Weapons
 a - a +0 rapier (weapon)
Armour
 b - a +0 scale mail (worn)
 c - a +0 buckler (worn)
Potions
 d - a potion of might


   Skills:
 + Level 3.5 Fighting
 + Level 2.7 Short Blades
 + Level 2.4 Armour
 + Level 2.9 Shields


You had one spell level left.
You didn't know any spells.
Your spell library was empty.

Dungeon Overview and Level Annotations

Branches:
Dungeon (2/15)

Altars:


Innate Abilities, Weirdness & Mutations

You are small and have problems with some larger weapons.
You are completely attuned to the shadows.


Message History

The frilled lizard misses you.
You puncture the frilled lizard!
You kill the frilled lizard!
You now have 13 gold pieces.
There is an escape hatch in the floor here.
You slide downwards.
The hatch slams shut behind you.
Found a scroll labelled YCVAXIREI and a scroll labelled SUMMUI LYDYTOD.
The helpless adder fails to defend itself.
You hit the adder.
The adder is heavily wounded.
The adder bites you. x2
You hit the adder.
The adder is almost dead.
The adder bites you.
A giant cockroach comes into view.
The adder misses you. The adder closely misses you.
You see here a scroll labelled YCVAXIREI.
You hit the adder but do no damage.
The adder is almost dead.
The adder bites you but does no damage. The giant cockroach barely misses you.
The adder bites you.
You are lethally poisoned!
The adder poisons you!
The giant cockroach bites you but does no damage.
You hit the adder.
You kill the adder!
* * * LOW HITPOINT WARNING * * *
You feel sick. You block the giant cockroach's attack.
You have reached level 2!
You completely miss the giant cockroach.
* * * LOW HITPOINT WARNING * * *
You feel sick. You block the giant cockroach's attack.
You puncture the giant cockroach!
You kill the giant cockroach!
* * * LOW HITPOINT WARNING * * *
You feel sick.
A bat comes into view.
* * * LOW HITPOINT WARNING * * *
You feel sick.
You die...

###.###
#...?.#
#.....###
#........
###.....#
#...@†..#
#.#.....#
.....b###
........
......#..
#######..


You could see a bat.

Vanquished Creatures
  An adder (D:2)
  A giant cockroach (D:2)
  A frilled lizard (D:1)
  A rat (D:1)
4 creatures vanquished.

Notes
Turn   | Place    | Note
-------+----------+-------------------------------------------
     0 | D:1      | kibble the Kobold Fighter began the quest for the Orb.
     0 | D:1      | Reached XP level 1. HP: 14/14 MP: 1/1
   110 | D:2      | Reached XP level 2. HP: 4/19 MP: 2/2
   113 | D:2      | Succumbed to an adder's poison

Illustrated notes

Levels and vault maps discovered:
D:1:      dpeg_arrival_rhombus, layout_basic, minmay_tromino_v4_a
D:2:      layout_rooms, ebering_ecumenical_altar_abandoned

Action                   || total
-------------------------++-------
Melee: Rapier            ||     9
 Stab: Sleeping          ||     1
Armor: Scale mail        ||     3
Dodge: Dodged            ||     4
Block: Buckler           ||     2

Table legend: (Time is in decaauts)
 A = Elapsed time spent in this place.
 B = Non-inter-level travel time spent in this place.
 C = Inter-level travel time spent in this place.
 D = Time resting spent in this place.
 E = Time spent auto-exploring this place.
 F = Levels seen in this place.
 G = Mean time per level.
                   A        B        C        D        E       F      G
               +--------+--------+--------+--------+--------+-----+--------+
         Total |    114 |    114 |      0 |      0 |      0 |   2 |   57.0 |
       Dungeon |    114 |    114 |      0 |      0 |      0 |   2 |   57.0 |
               +--------+--------+--------+--------+--------+-----+--------+

Top non-repeatable levels by time:
     D:1: 101 daAuts
     D:2: 12 daAuts
